 Dungeon Sprint DCSS version 0.19-a0-1931-gf4bb0bd (webtiles) character file.

4666 Musica the Fetichist (level 10, -13/74 HPs)
             Began as a Demonspawn Artificer on Oct 25, 2016.
             Mangled by a tyrant leech (18 damage)
             ... in the Dungeon (Sprint IX: "|||||||||||||||||||||||||||||").
             The game lasted 00:14:07 (1118 turns).

Musica the Fetichist (Demonspawn Artificer)         Turns: 1118, Time: 00:14:08

Health: -13/74     AC:  7    Str: 20    XL:     10   Next: 20%
Magic:  0/23       EV: 17    Int: 13    God:
Gold:   19         SH:  0    Dex: 17    Spells: 0 memorised, 9 levels left

rFire  . . .     SeeInvis .     r - +2 rapier (elec)
rCold  . . .     Gourm    .     b - +0 leather armour
rNeg   . . .     Faith    .     (no shield)
rPois  .         Spirit   +     (helmet restricted)
rElec  .         Reflect  .     (no cloak)
rCorr  .         Harm     .     (no gloves)
MR     .....     NoTele   +     s - +0 pair of boots
Stlth  ++........               (no amulet)
                                u - +2 ring of evasion
                                t - +3 ring of strength

@: mighty, exhausted, slowed, very slow
A: antennae 1, thin metallic scales 2, demonic guardian 1, magic shield, magic
regeneration
a: no special abilities


You were in the Dungeon.
You were hungry.

You visited 1 branch You collected 19 gold pieces.

Inventory:

Hand Weapons
 a - a +0 short sword
 q - the +2 dire flail of Twilight {flame, *Noise *Corrode rF+++ Int+4}
   (You found it in the Dungeon)

   It has been specially enchanted to burn those struck by it, causing extra
   injury to most foes and up to half again as much damage against particularly
   susceptible opponents.
   It affects your intelligence (+4).
   It renders you almost immune to fire.
   It may make noises in combat.
   It may corrode you when you take damage.
 r - a +2 rapier of electrocution (weapon)
Armour
 b - a +0 leather armour (worn)
 s - a +0 pair of boots (worn)
Jewellery
 t - a +3 ring of strength (left hand)
 u - a +2 ring of evasion (right hand)
 w - an uncursed ring of positive energy
Wands
 c - a wand of flame (2/48)
 d - a wand of enslavement (0/24)
 e - a wand of random effects (0/48)
 p - a wand of lightning (0/15)
Scrolls
 l - 2 scrolls of blinking
 n - 3 scrolls of remove curse
 o - 2 scrolls of amnesia
 x - a scroll of recharging
 y - 3 scrolls of fear
 z - a scroll of identify
Potions
 g - 8 potions of curing
 i - a potion of haste
 j - 4 potions of magic
Comestibles
 f - a bread ration


   Skills:
 + Level 5.2 Fighting
 + Level 8.3 Short Blades
 - Level 2.7 Armour
 - Level 5.8 Dodging
 - Level 2.1 Stealth
 + Level 19.3 Evocations


You had 9 spell levels left.
You didn't know any spells.

Dungeon Overview and Level Annotations

Branches:
Dungeon (1/1)

Altars:
Cheibriados
Dithmenos
Elyvilon
Fedhas
Gozag
Hepliaklqana
Kikubaaqudgha
Makhleb
Nemelex Xobeh
Okawaru
Qazlal
Ru
Sif Muna
Trog
Uskayaw
Vehumet
Xom
Yredelemnul
Zin
The Shining One
Beogh
Jiyva
Lugonu


Innate Abilities, Weirdness & Mutations

You have a pair of small antennae on your head.
You are mostly covered in thin metallic scales. (AC +3)
A weak demonic guardian rushes to your aid.
When hurt, damage is shared between your health and your magic reserves.
You regenerate magic rapidly.


Message History

The tyrant leech is heavily wounded.
The tyrant leech bites you!!
* * * LOW HITPOINT WARNING * * *
The tyrant leech draws strength from your injuries!
Unknown command.
You feel much better. The tyrant leech bites you!!
* * * LOW HITPOINT WARNING * * *
The tyrant leech draws strength from your injuries!
You feel much better. The tyrant leech completely misses you.
The tyrant leech bites you.
The tyrant leech draws strength from your injuries!
You miss the tyrant leech.
The tyrant leech is lightly wounded.
The tyrant leech bites you!!
* * * LOW HITPOINT WARNING * * *
The tyrant leech draws strength from your injuries!
You puncture the tyrant leech!
The tyrant leech is lightly wounded.
The tyrant leech bites you!!
You die...

▓†▓.▓'▓
▓.▓.▓_▓
▓.▓.▓_▓
▓÷▓.▓_▓
▓÷▓.▓_▓
▓'▓.▓_▓
▓†▓.▓_▓
▓5▓.▓_▓
▓@▓.▓_▓
▓w▓.▓_▓
▓†▓.▓_▓
▓.▓.▓_▓
▓†▓.▓_▓
▓†▓.▓_▓
▓.▓.▓_▓
▓'▓.▓_▓
▓.▓.▓_▓


You could see a tyrant leech and a friendly white imp.

Vanquished Creatures
  2 hydras (D)
  3 komodo dragons (D)
  3 porcupines (D)
  A two-headed ogre (D)
  3 tyrant leeches (D)
  A hippogriff (D)
  A yak (D)
  A water moccasin (D)
  An ice beast (D)
  A phantom (D)
  2 centaurs (D)
  A crocodile (D)
  2 bullfrogs (D)
  A jelly (D)
  A worker ant (D)
  An adder skeleton (D)
25 creatures vanquished.

Vanquished Creatures (collateral kills)
  A komodo dragon (D)
  A tyrant leech (D)
  A hippogriff (D)
  An eye of draining (D)
  3 bullfrogs (D)
  A dart slug (D)
  A bat (D)
  A giant cockroach (D)
  A goblin (D)
  A giant cockroach zombie (D)
  A kobold (D)
13 creatures vanquished.

Vanquished Creatures (others)
  A spatial maelstrom (D)
  A spiny frog (D)
  A komodo dragon (D)
  A blink frog (D)
  A hound (D)
  An orc (D)
  A hobgoblin (D)
  A rat (D)
8 creatures vanquished.

Grand Total: 46 creatures vanquished

Notes
Turn   | Place    | Note
-------+----------+-------------------------------------------
     0 | D        | Musica the Demonspawn Artificer began the quest for the Orb.
     0 | D        | Reached XP level 1. HP: 15/15 MP: 3/3
     1 | D        | Banished a spatial maelstrom
    11 | D        | Reached skill level 1 in Short Blades
    29 | D        | Noticed a hound
    29 | D        | Noticed a centaur
    34 | D        | Reached skill level 4 in Evocations
    66 | D        | Found a roughly hewn altar of Beogh.
    66 | D        | Found a snail-covered altar of Cheibriados.
    66 | D        | Found a shadowy altar of Dithmenos.
    66 | D        | Found a white marble altar of Elyvilon.
    66 | D        | Found a blossoming altar of Fedhas.
    66 | D        | Found an opulent altar of Gozag.
    67 | D        | Found a hazy altar of Hepliaklqana.
    68 | D        | Found a viscous altar of Jiyva.
    70 | D        | Found an ancient bone altar of Kikubaaqudgha.
    73 | D        | Found a corrupted altar of Lugonu.
    74 | D        | Found a burning altar of Makhleb.
    75 | D        | Found a sparkling altar of Nemelex Xobeh.
    76 | D        | Found an iron altar of Okawaru.
    77 | D        | Found a stormy altar of Qazlal.
    78 | D        | Found a sacrificial altar of Ru.
    79 | D        | Found a deep blue altar of Sif Muna.
    80 | D        | Found a bloodstained altar of Trog.
    81 | D        | Found a hide-covered altar of Uskayaw.
    82 | D        | Found a radiant altar of Vehumet.
    83 | D        | Found a shimmering altar of Xom.
    84 | D        | Found a basalt altar of Yredelemnul.
    85 | D        | Found a glowing silver altar of Zin.
    86 | D        | Found a glowing golden altar of the Shining One.
    94 | D        | Killed a centaur
    94 | D        | Reached skill level 7 in Evocations
    94 | D        | Gained mutation: You are partially covered in thin metallic scales. (AC +2) [demonic ancestry]
    94 | D        | Reached XP level 2. HP: 2/21 MP: 3/6
    94 | D        | Reached XP level 3. HP: 2/26 MP: 4/8
    94 | D        | Gained mutation: A weak demonic guardian rushes to your aid. [demonic ancestry]
    94 | D        | Reached XP level 4. HP: 3/32 MP: 4/9
   389 | D        | Got the +2 dire flail of Twilight {flame, *Noise *Corrode rF+++ Int+4}
   405 | D        | Noticed a centaur
   405 | D        | Noticed an ice beast
   405 | D        | Noticed a hippogriff
   405 | D        | Noticed an eye of draining
   406 | D        | Killed a centaur
   406 | D        | Reached skill level 1 in Armour
   406 | D        | Reached skill level 1 in Stealth
   406 | D        | Reached skill level 9 in Evocations
   406 | D        | Reached XP level 5. HP: 38/38 MP: 10/12
   422 | D        | Killed an ice beast
   422 | D        | Reached skill level 5 in Dodging
   422 | D        | Reached skill level 11 in Evocations
   422 | D        | Gained mutation: When hurt, damage is shared between your health and your magic reserves. [demonic ancestry]
   422 | D        | Reached XP level 6. HP: 44/44 MP: 12/14
   430 | D        | Killed a hippogriff
   430 | D        | Reached skill level 12 in Evocations
   559 | D        | Noticed a komodo dragon
   559 | D        | Noticed a komodo dragon
   559 | D        | Noticed a two-headed ogre
   560 | D        | Reached XP level 7. HP: 51/51 MP: 16/16
   561 | D        | Killed a komodo dragon
   561 | D        | Reached skill level 14 in Evocations
   570 | D        | Killed a komodo dragon
   570 | D        | Gained mutation: You are mostly covered in thin metallic scales. (AC +3) [demonic ancestry]
   570 | D        | Reached XP level 8. HP: 58/58 MP: 19/19
   570 | D        | Killed a two-headed ogre
   570 | D        | Reached skill level 15 in Evocations
   848 | D        | Noticed a spiny frog
   848 | D        | Noticed a hippogriff
   848 | D        | Noticed a komodo dragon
   864 | D        | Killed a hippogriff
   865 | D        | Noticed a komodo dragon
   879 | D        | Killed a komodo dragon
   879 | D        | Reached skill level 5 in Short Blades
   879 | D        | Reached skill level 16 in Evocations
   900 | D        | Killed a porcupine
   941 | D        | Gained mutation: You have a pair of small antennae on your head. [demonic ancestry]
   941 | D        | Reached XP level 9. HP: 56/65 MP: 18/21
   948 | D        | Noticed a five-headed hydra
   948 | D        | Noticed a komodo dragon
   950 | D        | Noticed a five-headed hydra
   963 | D        | Reached skill level 17 in Evocations
   965 | D        | Killed a komodo dragon
   967 | D        | Killed a five-headed hydra
   967 | D        | Reached skill level 18 in Evocations
   967 | D        | Killed a five-headed hydra
   973 | D        | Gained mutation: You regenerate magic rapidly. [demonic ancestry]
   973 | D        | Reached XP level 10. HP: 37/73 MP: 13/23
  1012 | D        | Reached skill level 19 in Evocations
  1024 | D        | Reached skill level 5 in Fighting
  1114 | D        | HP: 2/74 [tyrant leech (16)]
  1118 | D        | Mangled by a tyrant leech

Vault maps used:
D:        linesprint

Skill      XL: |  1  2  3  4  5  6  7  8  9 10 |
---------------+-------------------------------+-----
Short Blades   | 1 2 4 5 7 8 |  8.3
Dodging        | 3 4 5 |  5.8
Evocations     | 7 9 11 12 14 16 18 19 | 19.3
Fighting       | 2 3 4 5 |  5.2
Armour         | 1 2 |  2.7
Stealth        | 1 2 |  2.1

Action                   |  1- 3 |  4- 6 |  7- 9 | 10-12 || total
-------------------------+-------+-------+-------+-------++-------
Melee: Short sword       |     5 |     7 |       |       ||    12
       Rapier            |       |       |    11 |    49 ||    60
Evoke: Wand              |     7 |     9 |    25 |     9 ||    50
  Use: Potion            |       |       |       |     9 ||     9
 Stab: Confused          |       |     1 |       |       ||     1
       Paralysed         |       |       |     1 |       ||     1
       Invisible         |       |       |       |     2 ||     2
Armor: Leather armour    |     3 |       |     1 |     1 ||     5
Dodge: Dodged            |     5 |     6 |     8 |    22 ||    41
